 Dungeon Crawl Stone Soup version 0.27-a0-1384-g1422d76b99 (webtiles) character file.

Game seed: 1897514837742034150

322 bilbop the Caller (level 6, -10/35 HPs)
             Began as a Deep Elf Summoner on July 1, 2021.
             Mangled by an orc warrior (12 damage)
             ... on level 4 of the Dungeon.
             The game lasted 00:25:31 (3895 turns).

bilbop the Caller (Deep Elf Summoner)               Turns: 3895, Time: 00:25:31

Health: -10/35     AC:  2    Str:  6    XL:     6   Next: 22%
Magic:  1/14       EV: 13    Int: 20    God:
Gold:   221        SH:  0    Dex: 16    Spells: 7/13 levels left

rFire    . . .     SeeInvis .   a - +2 dagger (speed)
rCold    . . .     Faith    .   (no shield)
rNeg     . . .     Spirit   .   c - +0 robe
rPois    +         Reflect  .   (no helmet)
rElec    .         Harm     .   (no cloak)
rCorr    .         Rampage  .   (no gloves)
Will     .....                  (no boots)
Stlth    +++.......             (no amulet)
HPRegen  0.11/turn              m - ring of poison resistance
MPRegen  0.14/turn              (no ring)

@: very slightly contaminated
A: no striking features
a: no special abilities


You were on level 4 of the Dungeon.
You visited 1 branch of the dungeon, and saw 6 of its levels.

You collected 221 gold pieces.

Inventory:

Hand Weapons
 a - a +2 dagger of speed (weapon)
 f - a +0 short sword
 q - a +0 dagger
Missiles
 d - 4 atropa-tipped darts
 e - a throwing net
Armour
 c - a +0 robe (worn)
Jewellery
 m - a ring of poison resistance (left hand)
Wands
 l - a wand of flame (33)
 p - a wand of acid (9)
Scrolls
 b - 2 scrolls of enchant weapon
 g - a scroll of vulnerability {unknown}
 i - a scroll of magic mapping {unknown}
 j - 2 scrolls of torment {unknown}
 k - 3 scrolls of identify {unknown}
 n - 2 scrolls of fear {unknown}
 o - a scroll of amnesia {unknown}
 r - a scroll of teleportation {unknown}
 s - 2 scrolls of noise {unknown}
 t - a scroll of holy word {unknown}
 w - a scroll of acquirement {unknown}
Potions
 h - 3 potions of curing {unknown}
 u - a potion of degeneration {unknown}
 v - a potion of resistance {unknown}


   Skills:
 + Level 1.7 Fighting
 + Level 2.3 Short Blades
 + Level 3.8 Dodging
 + Level 4.0 Stealth
 + Level 4.4 Spellcasting
 + Level 5.3 Summonings


You had 7 spell levels left.
You knew the following spells:

 Your Spells              Type           Power      Damage    Failure   Level
a - Summon Small Mammal   Summ           100%       N/A       1%          1
b - Call Imp              Summ           25%        N/A       1%          2
c - Call Canine Familiar  Summ           25%        N/A       4%          3

Your spell library contained the following spells:

 Spells                   Type           Power      Damage    Failure   Level
 Summon Guardian Golem    Hex/Summ       15%        N/A       12%         3
 Summon Ice Beast         Ice/Summ       15%        N/A       38%         4
 Summon Lightning Spire   Summ/Air       15%        N/A       38%         4


Dungeon Overview and Level Annotations

Branches:
Dungeon (6/15)
 Temple: D:4-7

Altars:
Elyvilon
Hepliaklqana
Makhleb
Xom


Message History

The orc shouts!
Casting: Call Imp (safe; 1% risk of failure)
Confirm with . or Enter, or press ? or * to list all spells.
You miscast Call Imp.
You are very lightly contaminated with residual magic.
Nothing appears to happen.
Your hound closely misses the orc warrior.
Your crimson imp barely misses the orc.
The orc warrior throws a boomerang of dispersal.
The boomerang of dispersal misses you. The orc barely misses your hound.
Your hound bites the orc warrior but does no damage.
Your crimson imp hits the orc.
Your shadow imp hits the orc warrior but does no damage.
Your crimson imp blinks!
You closely miss the orc warrior.
The orc warrior is moderately wounded.
Your hound misses the orc warrior. The orc warrior closely misses you.
Your shadow imp barely misses the orc warrior.
Your crimson imp completely misses the orc.
You hit the orc warrior but do no damage.
The orc warrior is moderately wounded.
The orc closely misses your hound.
Your hound barely misses the orc warrior.
You hit the orc warrior but do no damage.
The orc warrior is moderately wounded.
Your crimson imp blinks!
Your shadow imp hits the orc warrior.
The orc warrior hits you with a +0 short sword.
* * * LOW HITPOINT WARNING * * *
Your crimson imp hits the orc but does no damage.
The orc completely misses your hound.
Your hound barely misses the orc warrior.
You hit the orc warrior but do no damage.
The orc warrior is moderately wounded.
You hit the orc warrior but do no damage.
The orc warrior is moderately wounded.
Your hound closely misses the orc warrior.
Your crimson imp barely misses the orc.
The orc warrior hits you with a +0 short sword!
You die...

..##.....# ##........## ###.##
#. #.###..## #..........# #....#
###### #...# #####......###....#
#..# +...+ #......#......# #..#
#...# #........#.>..#
##†#####...#####+####...###....#
.'.....#...#.....+ #..## #....#
.#.....#...#..5..# #.## ######
##.....'...'.oho@# #.#
.#.....#...#5....# #.#
.'.....#...#.....+ #.#
##†#####...#####+####.#
#..#..#...#..# #....#
#..#..'...'..# #.####
#######...#######.#
##..........# ############


You could see an orc warrior (ally target), an orc, a friendly hound (summoned),
a friendly crimson imp (summoned) and a friendly shadow imp (summoned).

Vanquished Creatures
  3 adders (D:4)
  An ufetubus (D:4)
  2 orcs
  An endoplasm (D:4)
  A goblin (D:2)
  A jackal (D:3)
  4 ball pythons
  A rat (D:1)
14 creatures vanquished.

Vanquished Creatures (collateral kills)
  A water moccasin (D:3)
  A black bear (D:4)
  An ogre (D:4)
  A howler monkey (D:4)
  A hound (D:5)
  An orc wizard (D:3)
  A hound skeleton (D:4)
  5 adders
  An adder skeleton (D:4)
  A worm (D:3)
  A dart slug (D:1)
  3 orcs (D:3)
  4 endoplasms
  3 giant cockroaches
  5 goblins
  3 hobgoblins
  8 jackals
  2 quokkas (D:1)
  2 ball pythons
  4 bats
  3 frilled lizards
  3 kobolds (D:1)
  8 rats
63 creatures vanquished.

Grand Total: 77 creatures vanquished

Notes
Turn   | Place    | Note
-------+----------+-------------------------------------------
     0 | D:1      | bilbop the Deep Elf Summoner began the quest for the Orb.
     0 | D:1      | Reached XP level 1. HP: 10/10 MP: 6/6
   488 | D:1      | Reached XP level 2. HP: 15/15 MP: 2/8
  1184 | D:2      | Learned a level 2 spell: Call Imp
  1306 | D:2      | Reached skill level 1 in Short Blades
  1306 | D:2      | Reached XP level 3. HP: 20/20 MP: 9/9
  1722 | D:3      | Noticed a water moccasin
  1806 | D:3      | Killed a water moccasin
  1807 | D:3      | Reached skill level 1 in Fighting
  1807 | D:3      | Reached XP level 4. HP: 25/25 MP: 2/11
  2252 | D:3      | You fall into a shaft and drop 3 floors!
  2264 | D:6      | Noticed a scorpion
  2270 | D:5      | Entered Level 5 of the Dungeon
  2279 | D:5      | Reached skill level 5 in Summonings
  2279 | D:5      | Reached XP level 5. HP: 8/29 MP: 5/13
  2508 | D:4      | Found a burning altar of Makhleb.
  2510 | D:4      | Found a white marble altar of Elyvilon.
  2536 | D:4      | Learned a level 3 spell: Call Canine Familiar
  2637 | D:4      | Found a hazy altar of Hepliaklqana.
  2750 | D:4      | Noticed a black bear
  2759 | D:4      | Killed a black bear
  2902 | D:3      | Found a faded altar of an unknown god.
  3256 | D:4      | Found a shimmering altar of Xom.
  3493 | D:4      | Noticed an ogre
  3519 | D:4      | Killed an ogre
  3520 | D:4      | Reached XP level 6. HP: 35/35 MP: 0/14
  3879 | D:4      | Noticed an orc warrior
  3895 | D:4      | Mangled by an orc warrior

Illustrated notes

Levels and vault maps discovered:
D:1:      erik_arrival_triangle_large, layout_rooms, chequers_mini_garden,
          minmay_bisected
D:2:      layout_rooms, chequers_hall_statues_wall_a,
          chequers_serial_rivers_micro_c
D:3:      layout_rooms, basic_ecumenical_altar
D:4:      layout_rooms, amcnicky_altar_gilded, lemuel_round_altar, minitemple,
          minmay_snake_closets
D:5:      layout_basic, gup_sewer_entry_bowl, st_stairs_6
D:6:      layout_loops_ring, nzn_wu_jian_contemplation, lemuel_doored_altar,
          minmay_temple_entry_gardened_gates

Skill      XL: |  1  2  3  4  5 |
---------------+----------------+-----
Short Blades   | 1 2 |  2.3
Fighting       | 1 |  1.7
Dodging        | 3 |  3.8
Stealth        | 3 4 |  4.0
Spellcasting   | 4 |  4.4
Summonings     | 5 |  5.3

Action                   |  1- 3 |  4- 6 || total
-------------------------+-------+-------++-------
Melee: Unarmed           |     2 |       ||     2
       Dagger            |    14 |    79 ||    93
 Cast: Summon Small Mamm |    59 |     2 ||    61
       Call Imp          |    18 |    50 ||    68
       Call Canine Famil |       |     1 ||     1
  Use: Scroll            |       |     1 ||     1
 Stab: Sleeping          |       |     5 ||     5
Armor: Robe              |     7 |     4 ||    11
Dodge: Dodged            |    34 |    46 ||    80

Table legend: (Time is in decaauts)
 A = Elapsed time spent in this place.
 B = Non-inter-level travel time spent in this place.
 C = Inter-level travel time spent in this place.
 D = Time resting spent in this place.
 E = Time spent auto-exploring this place.
 F = Levels seen in this place.
 G = Mean time per level.
                   A        B        C        D        E       F      G
               +--------+--------+--------+--------+--------+-----+--------+
         Total |   3868 |   3756 |    112 |    417 |   2584 |   6 |  644.7 |
       Dungeon |   3868 |   3756 |    112 |    417 |   2584 |   6 |  644.7 |
               +--------+--------+--------+--------+--------+-----+--------+

Top non-repeatable levels by time:
     D:4: 1073 daAuts
     D:1: 1058 daAuts
     D:3: 921 daAuts
     D:2: 689 daAuts
     D:5: 107 daAuts
     D:6: 17 daAuts
